Map: Bridgehead LE (Void)

Players

wabbajack - Winner!

  • Race: Zerg Zerg
  • League: Grandmaster

Keche

  • Race: Zerg Zerg

VOD

Have the link to the VOD?

Description

Time

  • Played on: July 14, 2015, 1:26 p.m.
  • Length: 5:35
Show
View Real Time Build Order
Export as new Build Order

wabbajack Zerg - Winner!

Build Orders: Pool First 

Get SALT Encoding   

  12  0:01  Drone  
  13  0:10  Drone  
  14  0:22  Extractor  
  14  0:23  Extractor  
  14  0:24  Drone x2  
  16  0:41  Spawning Pool  
  15  0:45  Overlord  
  15  0:49  Extractor  
  14  0:52  Extractor  
  14  0:53  Drone  
  15  1:10  Drone  
  15  1:11  Drone x2  
  18  1:27  Queen  
  20  1:45  Hatchery  
  19  1:51  Overlord  
  19  2:00  Roach Warren  
  18  2:16  Drone x2  
  20  2:26  Overlord  
  20  2:49  Roach x3  
  20  2:50  Roach x2  
  30  2:57  Queen  
  32  3:02  Metabolic Boost  
  32  3:09  Drone  
  32  3:10  Drone  
  34  3:17  Drone  
  34  3:18  Drone  
  36  3:20  Drone  
  37  3:29  Overlord  
  37  3:48  Overlord  
  37  3:50  Overlord  
  37  3:53  Roach x2  
  41  3:56  Roach  
  43  4:11  Roach x3  
  43  4:12  Roach  
  43  4:14  Roach x2  
  55  4:18  Roach  
  57  4:29  Drone  
  57  4:31  Roach  
  60  4:35  Overlord x2  
  60  4:55  Zergling x2  
  60  4:56  Zergling x16  
  69  5:03  Overlord  
  69  5:05  Zergling x2  
  69  5:06  Zergling x4  
  72  5:16  Zergling x6  
  72  5:17  Zergling x2  
Show
View Real Time Build Order
Export as new Build Order

Keche Zerg 

Build Orders: Hatch First 

Get SALT Encoding   

  12  0:09  Overlord  
  12  0:16  Drone  
  12  0:17  Drone  
  14  0:28  Drone  
  15  0:47  Hatchery  
  14  0:51  Drone  
  14  0:52  Drone  
  16  1:09  Spawning Pool  
  16  1:11  Drone  
  16  1:14  Drone  
  17  1:20  Extractor  
  17  1:21  Drone  
  17  1:25  Drone  
  18  1:35  Drone  
  19  1:59  Queen x2  
  19  2:00  Zergling x4  
  19  2:01  Zergling x2  
  26  2:07  Overlord  
  26  2:14  Drone  
  27  2:21  Metabolic Boost  
  27  2:23  Drone  
  27  2:28  Drone  
  29  2:35  Drone x2  
  31  2:40  Drone  
  32  2:44  Drone  
  32  2:50  Baneling Nest  
  32  2:51  Drone  
  33  2:53  Overlord  
  33  3:06  Drone x2  
  35  3:13  Drone x4  
  35  3:16  Extractor  
  38  3:38  Hatchery  
  37  3:49  Evolution Chamber, Queen  
  37  3:50  Evolution Chamber  
  37  3:53  Roach Warren  
  36  4:02  Drone x4  
  40  4:03  Drone x4  
  40  4:07  Overlord  
  44  4:15  Baneling x4  
  44  4:20  Lair  
  44  4:36  Drone x3  
  47  4:38  Extractor  
  47  4:42  Extractor  
  45  4:52  Overlord  
  44  4:53  Overlord  
  44  4:58  Roach x4  
  52  5:00  Roach  
  54  5:09  Roach  
  56  5:15  Roach x3  
  56  5:16  Roach  
Tags
 
Add a new tag
Caveats
  • Supply blocks, unpowered buildings, or Contaminate may cause inaccurate times.
  • Supply counts are checked every 10 seconds.